 Dungeon Sprint DCSS version 0.19.5 (webtiles) character file.

8785 dwjmeijer the Imperceptible (level 11, -1/47 HPs)
             Began as a Spriggan Enchanter on Apr 25, 2017.
             Was a Believer of Nemelex Xobeh.
             Slain by a hornet (13 damage)
             ... while paralysed by a hornet
             ... in the Dungeon (Sprint I: "Red Sonja").
             The game lasted 00:08:36 (1809 turns).

dwjmeijer the Imperceptible (Spriggan Enchanter)    Turns: 1809, Time: 00:08:36

Health: -1/47      AC:  3    Str:  4    XL:     11   Next: 14%
Magic:  12/26      EV:  4    Int: 19    God:    Nemelex Xobeh [**....]
Gold:   820        SH:  0    Dex: 18    Spells: 4 memorised, 21 levels left

rFire  . . .     SeeInvis +     n - +2 dagger (distort)
rCold  . . .     Gourm    .     b - +1 robe
rNeg   . . .     Faith    .     (shield restricted)
rPois  .         Spirit   .     (helmet restricted)
rElec  .         Reflect  .     (no cloak)
rCorr  .         Harm     .     (gloves unavailable)
MR     +....     NoTele   +     (boots unavailable)
Stlth  +++++++++.               (no amulet)
                                (no ring)
                                (no ring)

@: paralysed, lethally poisoned (-1 -> -6), slowed, very quick
A: unfitting armour, see invisible, herbivore 3, speed 3, slow metabolism 2
a: Renounce Religion


You were in the Dungeon.
You worshipped Nemelex Xobeh.
Nemelex Xobeh was pleased with you.
You were not hungry.

You visited 1 branch You collected 820 gold pieces.

Inventory:

Hand Weapons
 a - a +1 dagger
 n - a +2 dagger of distortion (weapon)
Missiles
 s - a throwing net (quivered)
Armour
 b - a +1 robe (worn)
Scrolls
 l - a scroll of enchant weapon {unknown}
 o - a scroll of identify {unknown}
 p - a scroll of amnesia {unknown}
Potions
 e - 2 potions of curing
 g - a potion of haste
 h - 2 potions of magic
 i - a potion of degeneration {unknown}
 k - a potion of might {unknown}
 q - a potion of resistance {unknown}
 r - a potion of invisibility {unknown}
Books
 c - a book of Maledictions

   Spells                             Type                      Level
   a - Corona                         Hexes                        1
   b - Ensorcelled Hibernation        Hexes/Ice                    2
   c - Confuse                        Hexes                        3
   d - Tukima's Dance                 Hexes                        3
   e - Dazzling Spray                 Conjuration/Hexes            3
Miscellaneous
 f - a plain deck of escape
 m - a plain deck of destruction {drawn: 1}
 t - a plain deck of summoning
Comestibles
 d - a bread ration


   Skills:
 - Level 1.1 Short Blades
 - Level 3.0 Dodging
 + Level 24.9 Stealth
 - Level 10.3 Spellcasting
 + Level 20.4 Hexes


You had 21 spell levels left.
You knew the following spells:

 Your Spells              Type           Power        Failure   Level  Hunger
a - Corona                Hex            ######.      0%          1    None
b - Ensorcelled Hibernat  Hex/Ice        #####.       1%          2    None
c - Confuse               Hex            ######..     0%          3    None
d - Dazzling Spray        Conj/Hex       #####.       1%          3    None


Dungeon Overview and Level Annotations

Branches:
Dungeon (1/1)

Altars:
Cheibriados
Dithmenos
Elyvilon
Fedhas
Gozag
Hepliaklqana
Kikubaaqudgha
Makhleb
Nemelex Xobeh
Okawaru
Qazlal
Ru
Sif Muna
Trog
Uskayaw
Vehumet
Xom
Yredelemnul
Zin
The Shining One
Jiyva
Lugonu

Shops:
D [*[


Innate Abilities, Weirdness & Mutations

You are very small and have problems with some larger weapons.
You are too small for most types of armour.
You have supernaturally acute eyesight. (SInv)
You are a herbivore.
You cover ground extremely quickly.
You need consume almost no food.


Message History

You feel sick. The hornet barely misses you. The hornet stings you.
You feel yourself slow down. The hornet misses you. The hornet stings you!
* * * LOW HITPOINT WARNING * * *
You feel as though you will be slow longer.
You feel better. The hornet closely misses you. x4
The hornet misses you. The hornet stings you.
You feel as though you will be slow longer.
The hornet closely misses you.
There is an open door, spattered with blood here.
The hornet barely misses you.
The hornet stings you but does no damage.
You feel yourself speed up. The hornet stings you.
You are poisoned.
You suddenly lose the ability to move!
You feel sick. The hornet stings you.
* * * LOW HITPOINT WARNING * * *
You feel yourself slow down. The hornet stings you!
You die...
Your body disappears without a glow.

#################################
#..'...#.)#§÷§§§@y§.§.§§.#^^+$§$§
'..#)..##'#§####§y§§§##..')^#§§§$
####...'.§#§# ##§§.#######)# §§§
#§§#####.§'§# ###+# #..# § §§)#
##+#### #.# #..# §.§+ #...§.# #..
#..≈ (.§# #^.§§§+ ##.# #.4≈e ####
###^)^# .## #.y≈.# ..### #.§.#
##.. #..≈##


You could see 2 hornets.

Vanquished Creatures
  A hydra (D)
  2 centaur warriors (D)
  Sonja (D)
  A deep troll (D)
  A lindwurm (D)
  2 sirens (D)
  A gargoyle (D)
  2 kobold demonologists (D)
  3 demonic crawlers (D)
  A hellwing (D)
  A hornet (D)
  Sigmund (D)
  A slime creature (D)
  A yak (D)
  12 hogs (D)
  2 floating eyes (D)
  An ogre (D)
  A jelly (D)
  Ijyb (D)
36 creatures vanquished.

Vanquished Creatures (others)
  A gargoyle (D)
  A hog (D)
2 creatures vanquished.

Grand Total: 38 creatures vanquished

Notes
Turn   | Place    | Note
-------+----------+-------------------------------------------
     0 | D        | dwjmeijer the Spriggan Enchanter began the quest for the Orb.
     0 | D        | Reached XP level 1. HP: 9/9 MP: 5/5
     2 | D        | Noticed Ijyb
    11 | D        | Killed Ijyb
    11 | D        | Reached skill level 6 in Stealth
    11 | D        | Reached skill level 5 in Hexes
    11 | D        | Reached XP level 2. HP: 13/13 MP: 5/8
    88 | D        | Learned a level 2 spell: Ensorcelled Hibernation
    89 | D        | Noticed an ogre
    93 | D        | Killed an ogre
    93 | D        | Reached skill level 9 in Stealth
    93 | D        | Reached XP level 3. HP: 16/16 MP: 7/12
    93 | D        | Reached XP level 4. HP: 21/21 MP: 7/13
   145 | D        | Learned a level 3 spell: Confuse
   149 | D        | Learned a level 3 spell: Dazzling Spray
   150 | D        | Noticed Sigmund
   164 | D        | Killed Sigmund
   164 | D        | Reached skill level 11 in Stealth
   164 | D        | Reached XP level 5. HP: 20/24 MP: 5/17
   164 | D        | Reached XP level 6. HP: 24/28 MP: 5/19
   173 | D        | Killed a gargoyle
   258 | D        | Found a deep blue altar of Sif Muna.
   260 | D        | Found a radiant altar of Vehumet.
   264 | D        | Reached skill level 12 in Stealth
   273 | D        | Found Dicwal's General Store.
   273 | D        | Found an ancient bone altar of Kikubaaqudgha.
   273 | D        | Found a hazy altar of Hepliaklqana.
   273 | D        | Found a stormy altar of Qazlal.
   273 | D        | Found a hide-covered altar of Uskayaw.
   273 | D        | Found a blossoming altar of Fedhas.
   273 | D        | Found a bloodstained altar of Trog.
   273 | D        | Found an iron altar of Okawaru.
   273 | D        | Found a basalt altar of Yredelemnul.
   273 | D        | Found a glowing golden altar of the Shining One.
   273 | D        | Found a snail-covered altar of Cheibriados.
   273 | D        | Found a sacrificial altar of Ru.
   273 | D        | Found a glowing silver altar of Zin.
   273 | D        | Found a shadowy altar of Dithmenos.
   273 | D        | Found a white marble altar of Elyvilon.
   273 | D        | Noticed a yak
   274 | D        | Found an opulent altar of Gozag.
   275 | D        | Killed a yak
   275 | D        | Reached skill level 13 in Stealth
   275 | D        | Reached skill level 10 in Spellcasting
   275 | D        | Reached skill level 10 in Hexes
   276 | D        | Found a sparkling altar of Nemelex Xobeh.
   279 | D        | Became a worshipper of Nemelex Xobeh the Trickster
   313 | D        | Found a burning altar of Makhleb.
   313 | D        | Found a viscous altar of Jiyva.
   313 | D        | Found a shimmering altar of Xom.
   313 | D        | Found a corrupted altar of Lugonu.
   313 | D        | Received a gift from Nemelex Xobeh
   313 | D        | Noticed a slime creature
   317 | D        | Killed a slime creature
   317 | D        | Reached skill level 14 in Stealth
   317 | D        | Reached XP level 7. HP: 32/32 MP: 21/21
   325 | D        | Noticed Sonja
   329 | D        | Killed Sonja
   329 | D        | Reached skill level 16 in Stealth
   329 | D        | Reached XP level 8. HP: 36/36 MP: 23/23
   345 | D        | Found Ocvuipruga's Armour Boutique.
   365 | D        | Reached * piety under Nemelex Xobeh
   365 | D        | Noticed a deep troll
   369 | D        | Killed a deep troll
   369 | D        | Reached skill level 18 in Stealth
   379 | D        | Found Sianwimn's Armour Emporium.
   399 | D        | Noticed a centaur warrior
   399 | D        | Noticed a centaur warrior
   404 | D        | Killed a centaur warrior
   404 | D        | Reached skill level 19 in Stealth
   404 | D        | Reached skill level 15 in Hexes
   404 | D        | Reached XP level 9. HP: 7/39 MP: 19/24
   407 | D        | Killed a centaur warrior
   407 | D        | Reached skill level 20 in Stealth
   712 | D        | Noticed a kobold demonologist
   713 | D        | Noticed a kobold demonologist
   720 | D        | Killed a kobold demonologist
   720 | D        | Paralysed by a floating eye for 4 turns
   729 | D        | Killed a kobold demonologist
   729 | D        | Reached skill level 21 in Stealth
   792 | D        | Noticed a demonic crawler
   792 | D        | Noticed a demonic crawler
   792 | D        | Noticed a demonic crawler
   792 | D        | Noticed a demonic crawler
   794 | D        | Killed a demonic crawler
   795 | D        | Killed a demonic crawler
   795 | D        | Reached XP level 10. HP: 44/44 MP: 25/25
   923 | D        | Noticed a gargoyle
   927 | D        | Killed a gargoyle
   927 | D        | Reached skill level 22 in Stealth
   938 | D        | Received a gift from Nemelex Xobeh
   938 | D        | Reached ** piety under Nemelex Xobeh
   942 | D        | Noticed a lindwurm
   944 | D        | Killed a lindwurm
   963 | D        | Reached skill level 23 in Stealth
  1405 | D        | Noticed a 12-headed hydra
  1407 | D        | Killed a 12-headed hydra
  1407 | D        | Reached skill level 24 in Stealth
  1409 | D        | Reached XP level 11. HP: 47/47 MP: 23/26
  1434 | D        | Received a gift from Nemelex Xobeh
  1434 | D        | Noticed a deep elf annihilator
  1795 | D        | Paralysed by a hornet for 2 turns
  1808 | D        | Paralysed by a hornet for 2 turns
  1809 | D        | Slain by a hornet

Skill      XL: |  1  2  3  4  5  6  7  8  9 10 |
---------------+-------------------------------+-----
Stealth        | 6 9 11 14 16 19 21 24 | 24.9
Spellcasting   | 4 6 9 10 | 10.3
Hexes          | 5 7 9 11 13 15 17 20 | 20.4
Short Blades   | |  1.1
Dodging        | |  3.0

Action                   |  1- 3 |  4- 6 |  7- 9 | 10-12 || total
-------------------------+-------+-------+-------+-------++-------
Melee: Dagger            |     9 |    12 |     9 |    26 ||    56
 Cast: Ensorcelled Hiber |     1 |     2 |    11 |    33 ||    47
       Confuse           |       |     2 |       |       ||     2
       Corona            |       |     1 |       |       ||     1
       Dazzling Spray    |       |       |       |     1 ||     1
Evoke: Deck              |       |       |       |     1 ||     1
  Use: Potion            |     1 |       |       |     2 ||     3
       Scroll            |       |       |       |     1 ||     1
 Stab: Sleeping          |     2 |     3 |     9 |    21 ||    35
       Confused          |       |     2 |       |       ||     2
Armor: Robe              |       |       |       |     6 ||     6
Dodge: Dodged            |     4 |     3 |    11 |    30 ||    48
